Map: Ley Lines

Players

LiquidClem (Clem) - Winner!

  • Race: Terran Terran
  • League: Grandmaster
  • Spawn Location: 1:00

DnS

  • Race: Protoss Protoss
  • Spawn Location: 7:00

Event: HomeStory Cup XXVI

VOD

Have the link to the VOD?

Description

Time

  • Played on: Nov. 30, 2024, 8:09 a.m.
  • Length: 5:24

All games in this series

Show
View Real Time Build Order
Export as new Build Order

LiquidClem Terran - Winner!

Build Orders: Cyclone Opening 

Get SALT Encoding   

  12  0:00  SCV  
  13  0:12  SCV  
  14  0:17  Supply Depot  
  14  0:24  SCV  
  14  0:27  Refinery  
  15  0:38  SCV  
  16  0:43  Barracks  
  16  0:50  SCV  
  17  1:02  SCV  
  18  1:14  SCV  
  18  1:16  Engineering Bay  
  19  1:30  Factory  
  20  1:33  Orbital Command  
  20  1:35  Marine  
  20  1:45  Supply Depot  
  20  1:53  Barracks Reactor  
  20  1:58  SCV  
  21  2:10  SCV  
  21  2:15  Factory Tech Lab  
  22  2:17  Bunker  
  23  2:22  SCV  
  23  2:28  Supply Depot  
  23  2:29  Marine x2  
  25  2:33  Cyclone  
  25  2:34  SCV  
  29  2:47  Marine  
  29  2:49  Marine  
  31  2:59  Command Center  
  31  3:08  Marine x2  
  31  3:12  Cyclone  
  36  3:19  Supply Depot, SCV  
  37  3:26  Marine x2  
  39  3:34  SCV  
  34  3:44  Marine x2  
  34  3:46  SCV  
  36  3:52  Barracks  
  36  3:54  Refinery  
  36  3:58  SCV  
  36  4:00  Cyclone  
  40  4:03  Marine  
  40  4:05  Marine  
  42  4:10  SCV  
  43  4:18  Orbital Command  
  43  4:22  SCV, Marine  
  45  4:25  Marine  
  46  4:34  Siege Tank, SCV  
  46  4:37  Orbital Command  
  50  4:43  Barracks Tech Lab  
  50  4:44  Marine  
  51  4:46  SCV  
  51  4:49  Supply Depot  
  51  4:51  Marine  
  53  4:58  SCV  
  54  5:00  Engineering Bay  
  54  5:06  SCV  
  56  5:11  SCV  
Show
View Real Time Build Order
Export as new Build Order

DnS Protoss 

Build Orders:  

Get SALT Encoding   

  12  0:00  Probe  
  13  0:12  Probe  
  14  0:18  Pylon  
  14  0:24  Probe  
  15  0:36  Probe  
  15  0:38  Gateway  
  16  0:45  Pylon  
  16  0:53  Probe  
  16  0:56  Assimilator  
  17  1:04  Gateway  
  17  1:08  Probe  
  18  1:20  Probe  
  19  1:27  Cybernetics Core  
  19  1:29  Zealot  
  21  1:33  Probe  
  22  1:48  Probe  
  22  1:52  Stalker  
  22  1:53  Stalker  
  26  2:21  Adept x2  
  26  2:29  Pylon  
  30  2:46  Nexus  
  30  2:51  Warp Gate, Adept  
  30  2:55  Adept  
  34  3:03  Probe  
  35  3:10  Assimilator  
  35  3:15  Probe  
  37  3:27  Probe  
  35  3:39  Probe  
  34  3:51  Twilight Council, Probe  
  35  3:56  Gateway  
  30  4:10  Probe x2  
  30  4:12  Pylon  
  27  4:18  Probe  
  27  4:22  Probe  
  29  4:26  Probe  
  29  4:31  Shield Battery  
  30  4:34  Probe  
  30  4:36  Probe  
  30  4:38  Stalker  
  33  4:42  Gateway  
  33  4:44  Robotics Facility  
  34  4:46  Probe  
  34  4:48  Probe  
  34  4:50  Stalker  
  38  4:58  Probe  
  39  5:00  Probe  
  39  5:04  Pylon  
  40  5:08  Stalker  
Tags
 
Add a new tag
Caveats
  • Supply blocks, unpowered buildings, or Contaminate may cause inaccurate times.
  • Supply counts are checked every 10 seconds.